 Dungeon Crawl Stone Soup version 0.29-a0-243-g602b31c20e (webtiles) character file.

Game seed: 11467580343979281282

42380 Ajdolov the Martial Artist (level 14, -9/101 HPs)
             Began as an Octopode Transmuter on Mar 4, 2022.
             Was an Initiate of Gozag.
             Killed from afar by an acid dragon (14 damage)
             ... with a splash of acid
             ... while petrified by Jorgrun
             ... on level 13 of the Dungeon.
             The game lasted 01:01:13 (25463 turns).

Ajdolov the Martial Artist (Octopode Transmuter)   Turns: 25463, Time: 01:01:14

Health: -9/101     AC: -3    Str: 22    XL:     14   Next: 19%
Magic:  18/18      EV: -1    Int: 26    God:    Gozag
Gold:   3636       SH:  0    Dex: 12    Spells: 3/18 levels left

rFire   + . .      SeeInvis +     - Unarmed
rCold   . . .      Faith    .   (no shield)
rNeg    + + +      Spirit   .   (helmet restricted)
rPois   ∞          Reflect  .   y - amulet of regeneration
rElec   .          Harm     .   o - ring "Jurr" {Int+6 Slay+2}
rCorr   .          Rampage  .   u - ring of see invisible
Will    +....                   A - +6 ring of strength
Stlth   ++++......              F - ring of protection from fire
HPRegen 1.06/turn               G - +6 ring of strength
MPRegen 0.16/turn               (no ring)
                                (no ring)
                                (no ring)

@: petrified, grasped by roots, corroded, constricted
A: almost no armour, amphibious, 8 rings, camouflage 1, gelatinous body 1,
(nimble swimmer 1), tentacles
a: Renounce Religion, Potion Petition, Call Merchant, Bribe Branch


You were on level 13 of the Dungeon.
You worshipped Gozag.
Gozag was most pleased with you.
You visited 2 branches of the dungeon, and saw 19 of its levels.
You also visited: Gauntlet.

You collected 3757 gold pieces.
You paid 121 gold pieces to Gozag.

Inventory:

Armour
 D - a +0 buckler
Jewellery
 o - the ring "Jurr" (left tentacle) {Int+6 Slay+2}
   (You found it on level 4 of the Dungeon)

   [ring of intelligence]

   Int:       It affects your intelligence (+6).
   Slay:      It affects your accuracy & damage with ranged weapons and melee
   (+2).
 u - a ring of see invisible (right tentacle)
 y - an amulet of regeneration (around mantle)
 A - a +6 ring of strength (on tentacle)
 F - a ring of protection from fire (on tentacle)
 G - a +6 ring of strength (on tentacle)
Wands
 g - a wand of acid (3)
 h - a wand of charming (5)
 k - a wand of digging (4)
 s - a wand of flame (15)
 v - a wand of iceblast (13)
 B - a wand of paralysis (12)
 L - a wand of polymorph (6)
Scrolls
 b - 5 scrolls of immolation
 c - 5 scrolls of teleportation
 d - 5 scrolls of vulnerability
 f - 3 scrolls of holy word
 i - 3 scrolls of fear
 m - a scroll of blinking
 p - 3 scrolls of noise
 r - a scroll of silence {unknown}
 x - a scroll of magic mapping
 H - 2 scrolls of fog
 J - a scroll of summoning
 M - a scroll of amnesia {unknown}
Potions
 a - 2 potions of ambrosia
 e - a potion of heal wounds
 j - 3 potions of flight
 l - 4 potions of attraction
 n - 4 potions of invisibility
 q - 6 potions of curing
 t - 5 potions of resistance
 w - a potion of cancellation
 z - a potion of berserk rage {unknown}
 C - 3 potions of brilliance {unknown}
 E - a potion of haste {unknown}
 I - a potion of mutation {unknown}
 K - a potion of might


   Skills:
 + Level 11.5 Fighting
 - Level 4.8 Dodging
 - Level 7.1 Stealth
 + Level 14.6 Unarmed Combat
 * Level 2.9 Spellcasting
 * Level 11.2 Transmutations
 - Level 5.4 Ice Magic
 * Level 6.6 Air Magic
 - Level 5.0 Poison Magic


You had 3 spell levels left.
You knew the following spells:

 Your Spells              Type           Power      Damage    Failure   Level
a - Beastly Appendage     Tmut           100%       N/A       1%          1
b - Spider Form           Tmut/Pois      45%        N/A       1%          3
c - Ice Form              Ice/Tmut       47%        N/A       3%          4
d - Storm Form            Tmut/Air       25%        N/A       91%         7

Your spell library contained the following spells:

 Spells                   Type           Power      Damage    Failure   Level
 Wereblood                Tmut           58%        N/A       1%          2
 Swiftness                Air            38%        N/A       1%          3
 Shock                    Conj/Air       80%        1d8       2%          1
 Mephitic Cloud           Conj/Pois/Air  23%        N/A       6%          3
 Magic Dart               Conj           12%        1d3       10%         1
 Call Imp                 Summ           3%         N/A       14%         2
 Gell's Gravitas          Tloc           3%         N/A       28%         3
 Teleport Other           Tloc           3%         N/A       28%         3
 Airstrike                Air            19%        N/A       6%          4
 Alistair's Intoxication  Tmut/Pois      30%        N/A       10%         5
 Summon Lightning Spire   Summ/Air       20%        N/A       24%         4
 Eringya's Noxious Bog    Tmut/Pois      22%        N/A       45%         6
 Borgnjor's Vile Clutch   Necr/Erth      1%         N/A       95%         5
 Dispersal                Tloc           1%         N/A       100%        6
 Maxwell's Capacitive Co  Air            19%        ∞         100%        8


Dungeon Overview and Level Annotations

Branches:
Dungeon (13/15)            Temple (0/1) D:7            Lair (6/6) D:8
  Swamp (0/4) Lair:3       Spider (0/4) Lair:2          Orc (0/2) D:9
Gauntlet (visited)
  Slime: Lair:5-6    Vaults: D:13-14

Altars:
Fedhas
Gozag
Kikubaaqudgha
Nemelex Xobeh
Qazlal
Ru
Xom
Zin

Shops:
D:4 :[:[*   D:7 *   D:11 [

Annotations:
D:3 exclusion: 4 doors
D:4 exclusion: ice beast
D:5 3 runed translucent doors, exclusion: necrophage, Hasart's ghost, novice DgHu
D:9 1 runed translucent door
D:10 exclusions: 2 fire elementals, hornet and 2 killer bees
D:12 1 runed translucent door, Emmod's ghost, journeyman PaFi
D:13 Jorgrun
Lair:1 exclusion: hydra
Lair:5 3 runed translucent doors, Goptyism's ghost, journeyman MiFi; Jufoathr Pite's ghost, journeyman MiFi; Kyulydaec's ghost, journeyman OpTm; Seod's ghost, journeyman FoAK; Xelalesa's ghost, journeyman FoAK


Innate Abilities, Weirdness & Mutations

You cannot wear most types of armour.
You are amphibious.
You can wear up to eight rings at the same time.
Your skin changes colour to match your surroundings (Stealth+).
Your rubbery body absorbs attacks. (AC +1, EV +1)
((You are camouflaged when in or above water. (Stealth+)))
You have tentacles for arms and can constrict up to eight enemies at once.


Message History

You see here 28 gold pieces.
You now have 3636 gold pieces (gained 28).
Jorgrun casts a spell at you.
You are slowing down.
The acid dragon roars!
Your limbs are stiffening.
Jorgrun gestures at you while chanting.
Your limbs have turned to stone.
The acid dragon spits acid at you. The splash of acid hits you!!
You have turned to stone.
Jorgrun casts a spell at you.
Roots burst forth from the earth!
The grasping roots grab you! The grasping roots constrict you!
The grasping roots constrict you. The grasping roots constrict you!
The grasping roots constrict you!
Jorgrun hits you with a +0 vorpal quarterstaff!
The grasping roots constrict you! The acid dragon bites you.
The acid dragon claws you.
Jorgrun hits you with a +0 vorpal quarterstaff!!
The grasping roots constrict you!! The acid dragon bites you.
The acid dragon claws you.
Jorgrun hits you with a +0 vorpal quarterstaff!
* * * LOW HITPOINT WARNING * * *
The grasping roots constrict you!
* * * LOW HITPOINT WARNING * * *
The acid dragon spits acid at you. The splash of acid hits you!!
* * * LOW HITPOINT WARNING * * *
The acid corrodes you!
Jorgrun says, "Tha earth be me home, an' ye be trespassing!"
Jorgrun hits you with a +0 vorpal quarterstaff.
* * * LOW HITPOINT WARNING * * *
x2 The grasping roots constrict you!
* * * LOW HITPOINT WARNING * * *
The acid dragon spits acid at you. The splash of acid hits you!!
You die...
Your body crumbles into a pile of gold.

....... ##.#.###
$.... .......
#......# #...
#.....###<[# ...#
##..........# #.#
............##.#
#.
...............#
..........###.##
..##...g...##.##
...#...D@.......
#...............
####........#....
##..#....#...
####....# ..
##...... ##.#.#
##.#


You could see Jorgrun and an acid dragon (catching breath).

Vanquished Creatures
  3 hydras
  A boulder beetle (D:12)
  A tengu warrior (D:12)
  2 two-headed ogres
  7 death yaks
  Pikel (D:4)
  An ugly thing (D:12)
  7 elephants
  3 cyclopes
  5 black mambas
  A torpor snail (Lair:3)
  10 cane toads
  9 komodo dragons
  3 rime drakes
  An efreet (D:12)
  A tengu conjurer (D:12)
  A troll (D:9)
  2 polar bears (Lair:3)
  30 blink frogs
  2 slime creatures (D:12)
  A jumping spider (Lair:2)
  A shadow (D:12)
  3 wraiths
  27 yaks
  Eustachio (D:5)
  2 basilisks
  A steam dragon (D:8)
  4 wyverns
  5 vampire mosquitoes (Lair:3)
  An acid dragon (D:11)
  11 water moccasins
  7 orc warriors
  A swamp drake (D:9)
  A sky beast (D:8)
  6 black bears
  24 wolves
  2 ogres (D:6)
  4 lemures
  11 centaurs
  A kobold brigand (D:8)
  14 bullfrogs
  3 scorpions
  9 wights
  6 killer bees (D:11)
  A howler monkey (D:5)
  5 hounds
  5 jellies
  A gnoll shaman (D:8)
  9 orc priests
  Ijyb (D:5)
  10 orc wizards
  Terence (D:3)
  An iguana (D:4)
  7 adders
  11 gnolls
  A shadow imp (D:8)
  A white imp (D:8)
  A worm (D:3)
  2 dart slugs
  52 orcs
  4 bats
  3 endoplasms
  A giant cockroach (D:3)
  7 goblins
  4 hobgoblins
  8 jackals
  6 kobolds
  5 quokkas
  6 ball pythons
  9 frilled lizards
  4 rats
  2 butterflies (Lair:2)
405 creatures vanquished.

Vanquished Creatures (others)
  A demonic plant (Gauntlet)
  26 fungi
  61 plants
  4 withered plants (D:9)
92 creatures vanquished.

Grand Total: 497 creatures vanquished

Notes
Turn   | Place    | Note
-------+----------+-------------------------------------------
     0 | D:1      | Ajdolov the Octopode Transmuter began the quest for the
                  | Orb.
     0 | D:1      | Reached XP level 1. HP: 13/13 MP: 3/3
   164 | D:1      | Reached XP level 2. HP: 17/18 MP: 5/5
   539 | D:1      | Found a faded altar of an unknown god.
   669 | D:1      | Reached skill level 4 in Unarmed Combat
   928 | D:2      | Reached XP level 3. HP: 23/23 MP: 6/6
   932 | D:2      | Learned a level 3 spell: Spider Form
  2125 | D:2      | Reached XP level 4. HP: 28/28 MP: 7/7
  2384 | D:3      | Noticed a black bear
  2716 | D:3      | Reached skill level 5 in Unarmed Combat
  3142 | D:3      | Noticed Terence
  3151 | D:3      | Killed Terence
  3353 | D:4      | Found Deamumn's Assorted Antiques.
  3358 | D:4      | Noticed an ice beast
  3430 | D:4      | Noticed a lemure
  3488 | D:4      | Identified the ring "Jurr" {Int+6 Slay+2}
  3627 | D:4      | Reached XP level 5. HP: 32/33 MP: 8/8
  3639 | D:4      | Found Alli's Book Boutique.
  3792 | D:4      | Noticed a lemure
  3810 | D:4      | Noticed a lemure
  3836 | D:5      | Entered Level 5 of the Dungeon
  3888 | D:5      | Learned a level 4 spell: Ice Form
  3961 | D:5      | Reached skill level 6 in Unarmed Combat
  3977 | D:5      | Reached XP level 6. HP: 38/39 MP: 9/9
  4184 | D:5      | Noticed Ijyb
  4201 | D:5      | Killed Ijyb
  4336 | D:5      | Noticed a black bear
  4353 | D:5      | Killed a black bear
  4354 | D:5      | Reached skill level 7 in Unarmed Combat
  4354 | D:5      | Reached XP level 7. HP: 36/46 MP: 10/10
  4647 | D:5      | Noticed Eustachio
  4675 | D:5      | Killed Eustachio
  4843 | D:5      | Found a runed translucent gate.
  4844 | D:5      | Found a runed translucent gate.
  4844 | D:5      | Found a runed translucent gate.
  4844 | D:5      | Noticed Hasart's ghost (novice DgHu)
  4973 | D:4      | Found Ocaha's Antique Armour Shoppe.
  5319 | D:4      | Found a glowing silver altar of Zin.
  5340 | D:4      | Found Nosmitroi's Armour Boutique.
  5453 | D:4      | Found Celaerak's Book Shoppe.
  5794 | D:4      | Reached skill level 8 in Unarmed Combat
  5815 | D:4      | Noticed Pikel
  5932 | D:4      | Killed Pikel
  5933 | D:4      | Reached skill level 5 in Fighting
  5933 | D:4      | Reached skill level 9 in Unarmed Combat
  5933 | D:4      | Reached XP level 8. HP: 54/55 MP: 8/11
  6089 | D:4      | Found a blossoming altar of Fedhas.
  7755 | D:6      | Reached skill level 10 in Unarmed Combat
  7755 | D:6      | Reached XP level 9. HP: 62/62 MP: 9/12
  8233 | D:6      | Found a sparkling altar of Nemelex Xobeh.
  8611 | D:7      | Found an opulent altar of Gozag.
  8615 | D:7      | Found Gozag's Platinum Reserve.
  8619 | D:7      | Became a worshipper of Gozag Ym Sagoz the Greedy
  9859 | D:7      | Found a staircase to the Ecumenical Temple.
 10342 | D:8      | Reached skill level 1 in Poison Magic
 10397 | D:8      | Reached skill level 11 in Unarmed Combat
 10397 | D:8      | Reached skill level 1 in Ice Magic
 10430 | D:8      | Reached skill level 5 in Transmutations
 10581 | D:8      | Reached XP level 10. HP: 69/69 MP: 8/13
 11127 | D:8      | Found a staircase to the Lair.
 12144 | D:9      | Found a runed translucent door.
 12144 | D:9      | Noticed a sixfirhy
 12372 | D:9      | Found an ancient bone altar of Kikubaaqudgha.
 12572 | D:9      | Found a shimmering altar of Xom.
 12915 | D:9      | Reached skill level 12 in Unarmed Combat
 13043 | D:9      | Found a staircase to the Orcish Mines.
 13601 | D:10     | Entered Level 10 of the Dungeon
 13608 | D:10     | Noticed a two-headed ogre
 13619 | D:10     | Killed a two-headed ogre
 13620 | D:10     | Reached XP level 11. HP: 70/77 MP: 9/14
 13780 | D:10     | Found a sacrificial altar of Ru.
 14258 | Lair:1   | Entered Level 1 of the Lair of Beasts
 15858 | Lair:1   | Noticed an eight-headed hydra
 15923 | Lair:1   | Reached skill level 5 in Poison Magic
 15984 | Lair:1   | Noticed a death yak
 15984 | Lair:1   | Noticed a death yak
 15997 | Lair:1   | Noticed a death yak
 15999 | Lair:1   | Noticed a death yak
 15999 | Lair:1   | Noticed a death yak
 16002 | Lair:1   | Killed a death yak
 16036 | Lair:1   | Noticed a death yak
 16038 | Lair:1   | Killed a death yak
 16252 | Lair:1   | Killed a death yak
 16255 | Lair:1   | Killed a death yak
 16256 | Lair:1   | Reached skill level 5 in Ice Magic
 16256 | Lair:1   | Reached XP level 12. HP: 67/84 MP: 11/15
 16259 | Lair:1   | Killed a death yak
 16264 | Lair:1   | Killed a death yak
 17206 | Lair:2   | Identified the +2 plate armour of Narcissism {rF+ SInv}
 17507 | Lair:2   | Reached skill level 10 in Transmutations
 17583 | Lair:2   | Reached skill level 13 in Unarmed Combat
 18036 | Lair:2   | Found a hole to the Spider Nest.
 18422 | Lair:3   | Found a staircase to the Swamp.
 18517 | Lair:3   | Found a gate leading to a gauntlet.
 18542 | Gauntlet | Entered a Gauntlet
 18542 | Gauntlet | Found a transporter.
 18842 | Gauntlet | Found a transporter.
 18842 | Gauntlet | Found a transporter.
 18843 | Gauntlet | Found a transporter.
 18851 | Gauntlet | Found a transporter.
 18854 | Gauntlet | Found a transporter.
 18855 | Gauntlet | Found a transporter.
 18859 | Gauntlet | Found a runed translucent door.
 18863 | Gauntlet | Found a transporter.
 18866 | Gauntlet | Found a transporter.
 18867 | Gauntlet | Found a transporter.
 18875 | Gauntlet | Found a transporter.
 18878 | Gauntlet | Found a transporter.
 18879 | Gauntlet | Found a transporter.
 18887 | Gauntlet | Found a transporter.
 18937 | Gauntlet | Found a runed translucent door.
 18958 | Gauntlet | Found a runed translucent door.
 19109 | Lair:3   | Noticed a death yak
 19135 | Lair:3   | Killed a death yak
 19325 | Lair:3   | Learned a level 7 spell: Storm Form
 19368 | Lair:3   | Reached skill level 1 in Stealth
 19502 | Lair:3   | Reached skill level 1 in Air Magic
 19981 | Lair:3   | Reached XP level 13. HP: 92/92 MP: 11/16
 20624 | Lair:4   | Reached skill level 5 in Stealth
 20631 | Lair:4   | Reached skill level 10 in Fighting
 21018 | Lair:4   | Found a stormy altar of Qazlal.
 21069 | Lair:4   | Identified the +6 hand axe "Fonejiw" {speed, rPois Stlth+}
 21289 | Lair:5   | Noticed Seod's ghost (journeyman FoAK)
 21289 | Lair:5   | Noticed Xelalesa's ghost (journeyman FoAK)
 21289 | Lair:5   | Noticed Kyulydaec's ghost (journeyman OpTm)
 21289 | Lair:5   | Noticed Goptyism's ghost (journeyman MiFi)
 21289 | Lair:5   | Found a runed translucent gate.
 21289 | Lair:5   | Found a runed translucent gate.
 21289 | Lair:5   | Found a runed translucent gate.
 21292 | Lair:5   | Noticed Jufoathr Pite's ghost (journeyman MiFi)
 21439 | Lair:5   | Reached skill level 14 in Unarmed Combat
 21908 | Lair:5   | Reached skill level 5 in Air Magic
 22653 | Lair:6   | Entered Level 6 of the Lair of Beasts
 23356 | D:11     | Reached XP level 14. HP: 101/101 MP: 12/17
 23448 | D:11     | Found Hiets's Antique Armour Shoppe.
 23807 | D:11     | Found the +6 shillelagh "Devastator" {shatter}
 24200 | D:12     | Found a runed translucent door.
 24202 | D:12     | Noticed Emmod's ghost (journeyman PaFi)
 25449 | D:13     | Noticed Jorgrun
 25463 | D:13     | HP: 5/101 [constriction (3)]
 25463 | D:13     | Killed from afar by an acid dragon

Illustrated notes

Levels and vault maps discovered:
D:1:      ebering_hopf_link, layout_rooms, chequers_ecumenical_altar_twisty,
          minmay_misc_feat_rows
D:2:      layout_basic, minmay_lizard_king
D:3:      layout_loops_corners, uniq_terence
D:4:      layout_layer_cave, mainiacjoe_overflow_concentric_impassable,
          fedhas_altar_fruit_tree, serial_shops, nicolae_square_shop,
          shop_fountains, nicolae_shop_behind_doors,
          nicolae_shop_competitors_out_of_business, nicolae_shop_stone,
          kennysheep_generic_room_15, uniq_pikel
D:5:      layout_basic, ebering_ghost_rock_garden, minmay_misc_feat_doors,
          corexii_hall_statues_t, chequers_serial_rivers_large_a, uniq_ijyb,
          uniq_eustachio
D:6:      layout_rooms, mainiacjoe_overflow_small_starburst, kennysheep_boxes
D:7:      layout_rooms, nicolae_gozag_zags_fifth_avenue,
          minmay_temple_entry_wispy, minmay_misc_feat_room
D:8:      layout_loops_corners, david_lair_shrubbed
D:9:      cheibrodos_shockbox, layout_rooms, kiku_gazebo_garden_becter,
          mainiacjoe_overflow_alcove_1, erik_orc_1, minivault_22
D:10:     minmay_firetagon, layout_small_grid, nicolae_ru_sacrificial_ziggurat
D:11:     layout_roguey, serial_co_window_serial, co_window_corner_a,
          co_window_of_opportunity_a, co_window_paths_a,
          co_window_of_opportunity_a, co_window_corner_a, co_window_paths_a,
          co_window_paths_c, co_window_broadway_c, co_window_unsneaky_path_e,
          co_window_corner_ca, co_window_paths_d, co_window_paths_e,
          glass_columns_c, glass_columns_c, serial_shops, nicolae_shop_trees
D:12:     layout_layer_cave, ebering_ghost_inner_flame, kb_tengu_band
D:13:     layout_cave_pools, uniq_jorgrun, uniq_lodul
Lair:1:   layout_gridlike, grunt_megastairs_3
Lair:2:   layout_small_grid, spider_nest_entry_rubble,
          cheibrodos_lair_reptile_den, lemuel_fruit_fields, grunt_megastairs_2
Lair:3:   layout_gridlike, minmay_swamp_entry_swarm, gauntlet_entry_generic
Lair:4:   layout_cave_shapes, basic_altar, serial_bayou_pond_e, st_stairs_5,
          minmay_hedge_maze
Lair:5:   layout_layer_cave, gammafunk_ghost_cemetery
Lair:6:   minmay_lair_end_frog_pond, layout_regular_city, slime_altar_1

Skill      XL: |  1  2  3  4  5  6  7  8  9 10 11 12 13 14 |
---------------+-------------------------------------------+-----
Unarmed Combat | 4 5 6 7 9 10 11 12 13 14 | 14.6
Fighting       | 2 3 5 6 7 8 9 11 | 11.5
Transmutations | 5 7 9 10 11 | 11.2
Poison Magic   | 1 3 5 |  5.0
Ice Magic      | 1 2 5 |  5.4
Dodging        | 4 |  4.8
Stealth        | 3 7 |  7.1
Air Magic      | 1 5 6 |  6.6
Spellcasting   | |  2.9

Action                   |  1- 3 |  4- 6 |  7- 9 | 10-12 | 13-15 || total
-------------------------+-------+-------+-------+-------+-------++-------
Melee: Unarmed           |    75 |    92 |   222 |   397 |   289 ||  1075
       Tentacles         |    12 |    11 |    19 |    11 |    11 ||    64
       Constrict         |    15 |    20 |    17 |    15 |     7 ||    74
       Punch             |     1 |     2 |     4 |     2 |     1 ||    10
       Kick              |     1 |       |       |       |       ||     1
Throw: Dart              |       |    14 |     4 |     1 |       ||    19
 Cast: Spider Form       |     2 |     3 |    23 |     8 |       ||    36
       Beastly Appendage |     1 |       |       |       |       ||     1
       Ice Form          |       |       |     8 |    38 |    28 ||    74
Evoke: Wand              |       |       |       |       |     4 ||     4
  Use: Potion            |     2 |       |       |     2 |     1 ||     5
       Scroll            |       |       |       |    14 |    11 ||    25
 Stab: Sleeping          |     6 |     4 |     1 |     1 |     7 ||    19
       Distracted        |       |       |       |     1 |     3 ||     4
Armor: Skin              |     5 |     3 |    10 |    64 |    78 ||   160
Dodge: Dodged            |    47 |    49 |   144 |   172 |   140 ||   552

Table legend: (Time is in decaauts)
 A = Elapsed time spent in this place.
 B = Non-inter-level travel time spent in this place.
 C = Inter-level travel time spent in this place.
 D = Time resting spent in this place.
 E = Time spent auto-exploring this place.
 F = Levels seen in this place.
 G = Mean time per level.
                   A        B        C        D        E       F      G
               +--------+--------+--------+--------+--------+-----+--------+
         Total |  25294 |  24371 |    923 |   8896 |  10735 |  20 | 1264.7 |
       Dungeon |  16900 |  16192 |    708 |   5662 |   7299 |  13 | 1300.0 |
          Lair |   7881 |   7667 |    214 |   2944 |   3353 |   6 | 1313.5 |
      Gauntlet |    512 |    512 |      0 |    290 |     83 |   1 |  512.0 |
               +--------+--------+--------+--------+--------+-----+--------+

Top non-repeatable levels by time:
  Lair:1: 2477 daAuts
     D:8: 2436 daAuts
     D:4: 2105 daAuts
     D:6: 1751 daAuts
  Lair:2: 1677 daAuts
    D:12: 1537 daAuts
  Lair:3: 1516 daAuts
     D:5: 1504 daAuts
     D:9: 1320 daAuts
  Lair:5: 1280 daAuts
     D:3: 1265 daAuts
     D:1: 1171 daAuts
     D:2: 1138 daAuts
     D:7: 1068 daAuts
    D:11: 894 daAuts
